| TOP OF THE 1ST |
|
Salt Lake Bees batting - Pitching for Toledo Mud Hens : RHP Chris McCurdy
|
|
Pitching: RHP Chris McCurdy
|
|
|
Batting: SHB Butch Brown
|
0-0: Called Strike 0-1: Ball 1-1: Called Strike 1-2: Fly out, F7 (Flyball, 78S, EV 87.5 MPH)
|
|
Batting: RHB Brandon Davis
|
0-0: Called Strike 0-1: Swinging Strike 0-2: Ball 1-2: Strikes out swinging
|
|
Batting: LHB Brett Bugge
|
0-0: Called Strike 0-1: Swinging Strike 0-2: Ball 1-2: Ball 2-2: Ground out 6-3 (Groundball, 6, EV 83.8 MPH)
|
| Top of the 1st over - 0 runs, 0 hits, 0 errors, 0 left on base; Salt Lake 0 - Toledo 0 |
| BOTTOM OF THE 1ST |
|
Toledo Mud Hens batting - Pitching for Salt Lake Bees : RHP Ricky Castillo
|
|
Pitching: RHP Ricky Castillo
|
|
|
Batting: RHB Brandon O'Malley
|
0-0: Ball 1-0: Swinging Strike 1-1: TRIPLE (Groundball, 3D, EV 98.8 MPH)
|
|
Batting: RHB Willis Morales
|
0-0: Ball 1-0: Ground out 6-3 (Groundball, 6, EV 87.5 MPH) Brandon O'Malley scores
|
|
Batting: SHB Ross Holland
|
0-0: Foul Ball, location: 2F 0-1: Ball 1-1: Ball 2-1: Swinging Strike 2-2: Ball 3-2: Foul Ball, location: 2F 3-2: Fly out, F9 (Flyball, 89M, EV 85.6 MPH)
|
|
Batting: RHB Trevor Mock
|
0-0: Ball 1-0: Ground out 5-3 (Groundball, 56, EV 108.8 MPH)
|
| Bottom of the 1st over - 1 run, 1 hit, 0 errors, 0 left on base; Salt Lake 0 - Toledo 1 |
| TOP OF THE 2ND |
|
Salt Lake Bees batting - Pitching for Toledo Mud Hens : RHP Chris McCurdy
|
|
Batting: SHB Mario Padron
|
0-0: Ball 1-0: Ground out 4-3 (Groundball, 4S, EV 86.9 MPH)
|
|
Batting: LHB Justin Alexander
|
0-0: Swinging Strike 0-1: Called Strike 0-2: Ball 1-2: Fly out, F8 (Flyball, 8RD, EV 100.0 MPH)
|
|
Batting: RHB Kian-tat Chen
|
0-0: Ball 1-0: Foul Ball, location: 2F 1-1: Ball 2-1: Foul Ball, location: 2F 2-2: Ball 3-2: Foul Ball, location: 2F 3-2: Foul Ball, location: 2F 3-2: Base on Balls
|
|
Batting: RHB Josh Faulconer
|
0-0: Foul Ball, location: 2F 0-1: Ball 1-1: Ball 2-1: Foul Ball, location: 2F 2-2: Foul Ball, location: 2F 2-2: Ball 3-2: Ground out 5-3 (Groundball, 56, EV 111.2 MPH)
|
| Top of the 2nd over - 0 runs, 0 hits, 0 errors, 1 left on base; Salt Lake 0 - Toledo 1 |
| BOTTOM OF THE 2ND |
|
Toledo Mud Hens batting - Pitching for Salt Lake Bees : RHP Ricky Castillo
|
|
Batting: RHB Sergio Zamora
|
0-0: Called Strike 0-1: Ball 1-1: DOUBLE (Line Drive, 7LS, EV 110.0 MPH)
|
|
Batting: RHB Tony Soto
|
0-0: Ball 1-0: Called Strike 1-1: Ground out 5-3 (Groundball, 56, EV 79.4 MPH)
|
|
Batting: RHB Adam MacConnell
|
0-0: Fly out, F8 (Flyball, 8LM, EV 89.4 MPH)
|
|
Batting: RHB Benny O'Connor
|
0-0: Called Strike 0-1: Ball 1-1: SINGLE (Groundball, 56D, EV 96.9 MPH) Sergio Zamora to third Runner from 3rd tries for Home, SAFE, throw by LF to home Benny O'Connor to second
|
|
Batting: SHB Scott Bartholomew
|
0-0: Foul Ball, location: 2F 0-1: Ball 1-1: Ground out 2-3 (Groundball, 2L, EV 65.0 MPH)
|
| Bottom of the 2nd over - 1 run, 2 hits, 0 errors, 1 left on base; Salt Lake 0 - Toledo 2 |
| TOP OF THE 3RD |
|
Salt Lake Bees batting - Pitching for Toledo Mud Hens : RHP Chris McCurdy
|
|
Batting: RHB Timoleon Tsikouna
|
0-0: Called Strike 0-1: Foul Ball, location: 2F 0-2: Fly out, F9 (Flyball, 89S, EV 87.5 MPH)
|
|
Batting: LHB Larry Prey
|
0-0: Called Strike 0-1: Fly out, F6 (Line Drive, 6, EV 70.6 MPH)
|
|
Batting: SHB Butch Brown
|
0-0: Called Strike 0-1: Ball 1-1: Ground out 5-3 (Groundball, 56S, EV 73.1 MPH)
|
| Top of the 3rd over - 0 runs, 0 hits, 0 errors, 0 left on base; Salt Lake 0 - Toledo 2 |
| BOTTOM OF THE 3RD |
|
Toledo Mud Hens batting - Pitching for Salt Lake Bees : RHP Ricky Castillo
|
|
Batting: RHB Brandon O'Malley
|
0-0: Foul Ball, location: 2F 0-1: SINGLE (Groundball, 4MD, EV 103.8 MPH)
|
|
Batting: RHB Willis Morales
|
0-0: Fly out, F6 (Popup, 6M, EV 77.5 MPH)
|
|
Batting: SHB Ross Holland
|
0-0: Called Strike 0-1: Called Strike 0-2: Foul Ball, location: 2F 0-2: Ball 1-2: Ball 2-2: Foul Ball, location: 2F 2-2: Foul Ball, location: 2F 2-2: Foul Ball, location: 2F 2-2: Foul Ball, location: 2F 2-2: Fielders Choice at 2nd, 1-4 (Groundball, 15S, EV 68.1 MPH)
|
|
Batting: RHB Trevor Mock
|
0-0: Ball 1-0: Ball 2-0: Called Strike 2-1: Fielders Choice at 2nd, 6-4 (Groundball, 6, EV 102.5 MPH)
|
| Bottom of the 3rd over - 0 runs, 1 hit, 0 errors, 1 left on base; Salt Lake 0 - Toledo 2 |
| TOP OF THE 4TH |
|
Salt Lake Bees batting - Pitching for Toledo Mud Hens : RHP Chris McCurdy
|
|
Batting: RHB Brandon Davis
|
0-0: Called Strike 0-1: DOUBLE (Line Drive, 7LM, EV 110.0 MPH)
|
|
Batting: LHB Brett Bugge
|
0-0: Ball 1-0: Ball 2-0: Ball 3-0: Base on Balls
|
|
Batting: SHB Mario Padron
|
0-0: Called Strike 0-1: SINGLE (Groundball, 34D, EV 105.6 MPH) Brandon Davis to third Brett Bugge to second
|
|
Batting: LHB Justin Alexander
|
0-0: Ball 1-0: Swinging Strike 1-1: Foul Ball, location: 2F 1-2: Ball 2-2: Fly out, F8 (Flyball, 8LXD, EV 88.8 MPH) Runner from 3rd tags up, SCORES, no throw by CF Brett Bugge to third
|
|
Batting: RHB Kian-tat Chen
|
0-0: Called Strike 0-1: Called Strike 0-2: Foul Ball, location: 2F 0-2: Ball 1-2: Ball 2-2: Foul Ball, location: 2F 2-2: Grounds into double play, 6-4-3 (Groundball, 6M, EV 98.8 MPH)
|
| Top of the 4th over - 1 run, 2 hits, 0 errors, 1 left on base; Salt Lake 1 - Toledo 2 |
| BOTTOM OF THE 4TH |
|
Toledo Mud Hens batting - Pitching for Salt Lake Bees : RHP Ricky Castillo
|
|
Batting: RHB Sergio Zamora
|
0-0: Foul Ball, location: 2F 0-1: Ball 1-1: SINGLE (Line Drive, 56D, EV 95.0 MPH)
|
|
Batting: RHB Tony Soto
|
0-0: Ball 1-0: Ball 2-0: Ball 3-0: Called Strike 3-1: Swinging Strike 3-2: SINGLE (Groundball, 6MD, EV 108.8 MPH) Sergio Zamora to second Sergio Zamora to third
|
|
Batting: RHB Adam MacConnell
|
0-0: Fly out, F9 (Flyball, 89S, EV 95.6 MPH)
|
|
Batting: RHB Benny O'Connor
|
0-0: Fly out, F8 (Flyball, 8LM, EV 81.9 MPH) Runner from 3rd tags up, SCORES, throw by CF
|
|
Batting: SHB Scott Bartholomew
|
0-0: Ball 1-0: SINGLE (Line Drive, 78M, EV 90.6 MPH) Tony Soto to second
|
|
Batting: RHB Brandon O'Malley
|
0-0: SINGLE (Groundball, 34D, EV 103.1 MPH) Tony Soto to third Scott Bartholomew to second Runner from 3rd tries for Home, SAFE, throw by RF to home
|
|
Batting: RHB Willis Morales
|
0-0: Ball Passed Ball! Scott Bartholomew to third Brandon O'Malley to second 1-0: Ball 2-0: Ball 3-0: Called Strike 3-1: Ground out U3 (Groundball, 3S, EV 65.0 MPH)
|
| Bottom of the 4th over - 2 runs, 4 hits, 0 errors, 2 left on base; Salt Lake 1 - Toledo 4 |
| TOP OF THE 5TH |
|
Salt Lake Bees batting - Pitching for Toledo Mud Hens : RHP Chris McCurdy
|
|
Batting: RHB Josh Faulconer
|
0-0: Foul Ball, location: 2F 0-1: Ball 1-1: Called Strike 1-2: Ball 2-2: Strikes out swinging
|
|
Batting: RHB Timoleon Tsikouna
|
0-0: Called Strike 0-1: Foul Ball, location: 2F 0-2: Ball 1-2: Ball 2-2: Strikes out looking
|
|
Batting: LHB Larry Prey
|
0-0: Ball 1-0: Called Strike 1-1: Ground out 4-3 (Groundball, 4, EV 79.4 MPH)
|
| Top of the 5th over - 0 runs, 0 hits, 0 errors, 0 left on base; Salt Lake 1 - Toledo 4 |
| BOTTOM OF THE 5TH |
|
Toledo Mud Hens batting - Pitching for Salt Lake Bees : RHP Ricky Castillo
|
|
Batting: SHB Ross Holland
|
0-0: Ground out 5-3 (Groundball, 56S, EV 73.8 MPH)
|
|
Batting: RHB Trevor Mock
|
0-0: SINGLE (Line Drive, 7S, EV 92.5 MPH)
|
|
Batting: RHB Sergio Zamora
|
0-0: Called Strike Trevor Mock steals 2nd, throwing error, E2 Trevor Mock to third 0-1: Foul Ball, location: 2F 0-2: Strikes out swinging
|
|
Batting: RHB Tony Soto
|
0-0: Ball 1-0: Foul Ball, location: 2F 1-1: Foul Ball, location: 2F 1-2: Ball 2-2: Ground out 6-3 (Groundball, 6, EV 91.2 MPH)
|
| Bottom of the 5th over - 0 runs, 1 hit, 1 error, 1 left on base; Salt Lake 1 - Toledo 4 |
| TOP OF THE 6TH |
|
Salt Lake Bees batting - Pitching for Toledo Mud Hens : RHP Chris McCurdy
|
|
Batting: SHB Butch Brown
|
0-0: Ball 1-0: Fly out, F8 (Flyball, 8LM, EV 91.2 MPH)
|
|
Batting: RHB Brandon Davis
|
0-0: Ground out 6-3 (Groundball, 6, EV 101.9 MPH)
|
|
Batting: LHB Brett Bugge
|
0-0: Ball 1-0: Ground out 6-3 (Groundball, 6, EV 90.0 MPH)
|
| Top of the 6th over - 0 runs, 0 hits, 0 errors, 0 left on base; Salt Lake 1 - Toledo 4 |
| BOTTOM OF THE 6TH |
|
Toledo Mud Hens batting - Pitching for Salt Lake Bees : RHP Ricky Castillo
|
|
Batting: RHB Adam MacConnell
|
0-0: Ground out 6-3 (Groundball, 6, EV 81.2 MPH)
|
|
Batting: RHB Benny O'Connor
|
0-0: Swinging Strike 0-1: SINGLE (Groundball, 6S, EV 72.5 MPH) (infield hit)
|
|
Batting: SHB Scott Bartholomew
|
0-0: Ball 1-0: Swinging Strike 1-1: Foul Ball, location: 2F 1-2: SINGLE (Groundball, 34D, EV 95.0 MPH) Benny O'Connor to second Runner from 2nd tries for 3rd, SAFE, throw by RF made at trailing runner, OUT! 9-6
|
|
Batting: RHB Brandon O'Malley
|
0-0: Foul Ball, location: 2F 0-1: Foul Ball, location: 2F 0-2: Strikes out looking
|
| Bottom of the 6th over - 0 runs, 2 hits, 0 errors, 1 left on base; Salt Lake 1 - Toledo 4 |
| TOP OF THE 7TH |
|
Salt Lake Bees batting - Pitching for Toledo Mud Hens : RHP Chris McCurdy
|
|
Batting: SHB Mario Padron
|
0-0: Ball 1-0: Ball 2-0: Ground out 4-3 (Groundball, 34D, EV 105.6 MPH)
|
|
Batting: LHB Justin Alexander
|
0-0: Called Strike 0-1: Called Strike 0-2: Strikes out looking
|
|
Batting: RHB Kian-tat Chen
|
0-0: Ball 1-0: Ball 2-0: Ground out 4-3 (Groundball, 4, EV 106.2 MPH)
|
| Top of the 7th over - 0 runs, 0 hits, 0 errors, 0 left on base; Salt Lake 1 - Toledo 4 |
| BOTTOM OF THE 7TH |
|
Toledo Mud Hens batting - Pitching for Salt Lake Bees : RHP Ricky Castillo
|
|
Batting: RHB Willis Morales
|
0-0: Ball 1-0: Ball 2-0: Ball 3-0: Called Strike 3-1: Ground out U3 (Groundball, 34, EV 89.4 MPH)
|
|
Batting: SHB Ross Holland
|
0-0: Ball 1-0: Foul Ball, location: 2F 1-1: Called Strike 1-2: Ball 2-2: SINGLE (Line Drive, 56, EV 99.4 MPH)
|
|
Batting: RHB Trevor Mock
|
0-0: Ball 1-0: SINGLE (Groundball, 25, EV 71.9 MPH) (infield hit) Ross Holland to second
|
|
Batting: RHB Sergio Zamora
|
0-0: Called Strike 0-1: Foul Ball, location: 2F 0-2: Ball 1-2: Ball 2-2: Fly out, F8 (Line Drive, 8RM, EV 92.5 MPH)
|
|
Pitching: RHP Allen Weaver
|
|
|
Batting: RHB Tony Soto
|
0-0: Swinging Strike 0-1: Fly out, F9 (Flyball, 89M, EV 75.6 MPH)
|
| Bottom of the 7th over - 0 runs, 2 hits, 0 errors, 2 left on base; Salt Lake 1 - Toledo 4 |
| TOP OF THE 8TH |
|
Salt Lake Bees batting - Pitching for Toledo Mud Hens : RHP Chris McCurdy
|
|
Batting: RHB Josh Faulconer
|
0-0: Foul Ball, location: 2F 0-1: Ball 1-1: Foul Ball, location: 2F 1-2: Strikes out swinging
|
|
Batting: RHB Timoleon Tsikouna
|
0-0: Called Strike 0-1: Foul Ball, location: 2F 0-2: Foul Ball, location: 2F 0-2: Ball 1-2: Ground out 6-3 (Groundball, 6, EV 81.9 MPH)
|
|
Batting: LHB Larry Prey
|
0-0: Ground out 6-3 (Groundball, 4M, EV 76.9 MPH)
|
| Top of the 8th over - 0 runs, 0 hits, 0 errors, 0 left on base; Salt Lake 1 - Toledo 4 |
| BOTTOM OF THE 8TH |
|
Toledo Mud Hens batting - Pitching for Salt Lake Bees : RHP Allen Weaver
|
|
Batting: RHB Adam MacConnell
|
0-0: Ball 1-0: SINGLE (Line Drive, 5D, EV 99.4 MPH)
|
|
Batting: RHB Benny O'Connor
|
0-0: Foul Ball, location: 2F 0-1: Ball 1-1: Swinging Strike 1-2: Grounds into double play, 6-4-3 (Groundball, 6, EV 106.2 MPH)
|
|
Batting: SHB Scott Bartholomew
|
0-0: Ball 1-0: Foul Ball, location: 2F 1-1: Swinging Strike 1-2: Ball 2-2: Strikes out swinging
|
| Bottom of the 8th over - 0 runs, 1 hit, 0 errors, 0 left on base; Salt Lake 1 - Toledo 4 |
| TOP OF THE 9TH |
|
Salt Lake Bees batting - Pitching for Toledo Mud Hens : RHP Chris McCurdy
|
|
Pitching: RHP John Evancho
|
|
|
Batting: SHB Butch Brown
|
0-0: Swinging Strike 0-1: Ball 1-1: Ball 2-1: Foul Ball, location: 2F 2-2: Ground out U3 (Groundball, 34S, EV 73.8 MPH)
|
|
Batting: RHB Brandon Davis
|
0-0: Called Strike 0-1: Ball 1-1: Fly out, F7 (Flyball, 78D, EV 80.0 MPH)
|
|
Batting: LHB Brett Bugge
|
0-0: Foul Ball, location: 2F 0-1: Ball 1-1: Swinging Strike 1-2: Fly out, F9 (Flyball, 9LD, EV 106.9 MPH)
|
| Top of the 9th over - 0 runs, 0 hits, 0 errors, 0 left on base; Salt Lake 1 - Toledo 4 |
|